 Dungeon Crawl Stone Soup version 0.22.1-1-ga44c0e56f4 (webtiles) character file.

2445 Jynx the Basher (level 9, -4/63 HPs)
             Began as a Demonspawn Berserker on Nov 4, 2018.
             Was an Elder of Trog.
             Slain by an orc priest
             ... wielding a +0 flail
              (8 damage)
             ... on level 8 of the Dungeon.
             The game lasted 00:16:48 (8817 turns).

Jynx the Basher (Demonspawn Berserker)              Turns: 8817, Time: 00:16:48

Health: -4/63      AC:  6    Str: 19    XL:     9   Next: 25%
Magic:  9/9        EV: 12    Int:  8    God:    Trog [****..]
Gold:   331        SH:  0    Dex: 15    Spells: 8/8 levels left

rFire    . . .     SeeInvis .     - Unarmed
rCold    . . .     Gourm    .   (no shield)
rNeg     . . .     Faith    .   b - +0 animal skin
rPois    .         Spirit   .   (no helmet)
rElec    .         Reflect  .   (no cloak)
rCorr    .         Harm     .   (gloves unavailable)
MR       .....                  (no boots)
Stlth    ++........             (no amulet)
HPRegen  0.20/turn              u - ring of stealth
MPRegen  0.11/turn              (no ring)

@: about to teleport, berserk cooldown, slowed, very slow
A: claws 3, iridescent scales 2, demonic guardian 1, rot immunity
a: Berserk, Trog's Hand, Brothers in Arms, Renounce Religion


You were on level 8 of the Dungeon.
You worshipped Trog.
Trog was greatly pleased with you.
You were not hungry.

You visited 1 branch of the dungeon, and saw 8 of its levels.
You also visited: Sewer.

You collected 331 gold pieces.

Inventory:

Armour
 b - a +0 animal skin (worn)
 q - a +0 chain mail
Jewellery
 l - an uncursed amulet of faith
 u - a ring of stealth (left claw)
 F - a +4 amulet of reflection {unknown}
Wands
 j - a wand of iceblast (5)
 B - a wand of paralysis (12)
 C - a wand of acid (9)
Scrolls
 e - a scroll of fear {unknown}
 k - 6 scrolls of teleportation
 m - 3 scrolls of amnesia {unknown}
 o - 2 scrolls of immolation {unknown}
 p - a scroll of noise {unknown}
 t - 2 scrolls of enchant armour {unknown}
 v - 3 scrolls of remove curse {unknown}
 x - 3 scrolls of random uselessness {unknown}
 y - a scroll of enchant weapon {unknown}
 z - a scroll of blinking {unknown}
 D - 2 scrolls of magic mapping {unknown}
 E - a scroll of identify
Potions
 d - 5 potions of haste
 f - 2 potions of ambrosia
 g - 2 potions of brilliance
 h - 4 potions of agility {unknown}
 i - a potion of magic {unknown}
 n - a potion of curing {unknown}
 r - 4 potions of flight {unknown}
 s - 2 potions of lignification {unknown}
 w - 2 potions of heal wounds {unknown}
 A - a potion of invisibility {unknown}
Comestibles
 a - a chunk of flesh
 c - 14 rations


   Skills:
 - Level 3.1 Fighting
   Level 11.0 Maces & Flails
 - Level 1.7 Armour
 - Level 1.7 Dodging
 * Level 3.6 Unarmed Combat


You had 8 spell levels left.
You didn't know any spells.
Your spell library was empty.

Dungeon Overview and Level Annotations

Branches:
Dungeon (8/15)             Temple (0/1) D:7
   Lair: D:8-11

Altars:
Ashenzari
Dithmenos
Hepliaklqana
Kikubaaqudgha
Makhleb
Qazlal
Ru
Trog


Innate Abilities, Weirdness & Mutations

You have claws for hands.
You are mostly covered in iridescent scales. (AC +4)
A weak demonic guardian rushes to your aid.
You are immune to rotting.


Message History

Trog accepts your kill.
An orc priest comes into view. It is wielding a flail.
You feel a strong urge to attack something.
You start resting.
Eating one of 2 chunks of flesh.
You eat one of the 2 chunks of flesh.
This raw flesh tastes terrible.
You feel your anger nearly subside.
You are no longer berserk.
You are exhausted.
You feel yourself slow down.
You start resting.
The orc priest is too close now for your liking.
Okay, then.
You swap places.
The orc priest invokes the aid of Beogh against you.
Beogh smites you!
* * * LOW HITPOINT WARNING * * *
An orc priest comes into view.
The orc priest barely misses you.
As you read the scroll of teleportation, it crumbles to dust.
You feel strangely unstable. The orc priest hits you with a flail!
You die...

.# ##..# ##. #..##
#.. #.####...
##.#####......#
#####..o.....######
#......#####.#
#.####.# #.#
#.5#.o.# #.#
##.@o### ..#
###..#### .##
#..††...# #
#.......# #.......#
#.......# #.......#
#.......# #.(.....#


You could see 2 orc priests and a friendly quasit.

Vanquished Creatures
  Sigmund (D:2)
  A wyvern (D:6)
  An orc warrior (D:7)
  An ice beast (D:5)
  A phantom (D:8)
  A sky beast (D:6)
  A necrophage (D:5)
  2 centaurs
  An ogre (D:8)
  A big kobold (D:7)
  A wyvern zombie (D:6)
  4 howler monkeys
  2 crimson imps
  6 orc priests
  A hound (D:7)
  A jelly (D:6)
  A bullfrog skeleton (D:4)
  A gnoll shaman (D:4)
  4 orc wizards
  A centaur skeleton (D:4)
  Jessica (D:2)
  An iguana (D:4)
  4 worker ants
  A hound skeleton (D:5)
  10 gnolls
  8 adders
  2 oozes
  An adder zombie (D:6)
  An adder skeleton (D:6)
  3 worms
  4 leopard geckos
  25 orcs
  A ball python (D:6)
  11 bats
  7 giant cockroaches
  6 goblins
  4 hobgoblins
  7 jackals
  5 quokkas
  6 frilled lizards
  11 kobolds
  A quokka skeleton (D:4)
  A quokka zombie (D:6)
  7 rats
161 creatures vanquished.

Vanquished Creatures (collateral kills)
  A water moccasin (D:5)
  A centaur (D:5)
  A bullfrog (D:8)
  A howler monkey (D:8)
  2 crimson imps
  An orc wizard (D:4)
  2 worker ants (D:5)
  An adder skeleton (D:5)
  3 orcs
  2 kobolds (D:7)
15 creatures vanquished.

Vanquished Creatures (others)
  8 fungi (D:4)
  A plant (D:3)
9 creatures vanquished.

Grand Total: 185 creatures vanquished

Notes
Turn   | Place    | Note
-------+----------+-------------------------------------------
     0 | D:1      | Jynx the Demonspawn Berserker began the quest for the Orb.
     0 | D:1      | Reached XP level 1. HP: 18/18 MP: 1/1
   254 | D:1      | Reached skill level 3 in Maces & Flails
   278 | D:1      | Gained mutation: You are partially covered in iridescent
                  | scales. (AC +2) [demonic ancestry]
   278 | D:1      | Reached XP level 2. HP: 13/24 MP: 2/2
  1151 | D:2      | Noticed Jessica
  1154 | D:2      | Killed Jessica
  1154 | D:2      | Reached skill level 4 in Maces & Flails
  1154 | D:2      | Gained mutation: You are mostly covered in iridescent
                  | scales. (AC +4) [demonic ancestry]
  1154 | D:2      | Reached XP level 3. HP: 29/29 MP: 3/3
  1324 | D:2      | Noticed Sigmund
  1327 | D:2      | Reached XP level 4. HP: 35/35 MP: 4/4
  1421 | D:2      | Killed Sigmund
  1421 | D:2      | Reached skill level 5 in Maces & Flails
  1421 | D:2      | Gained mutation: A weak demonic guardian rushes to your
                  | aid. [demonic ancestry]
  1421 | D:2      | Reached XP level 5. HP: 41/41 MP: 5/5
  2125 | D:3      | Reached skill level 6 in Maces & Flails
  2204 | D:3      | Reached ** piety under Trog
  2429 | D:3      | Gained mutation: You have sharp fingernails. [demonic
                  | ancestry]
  2429 | D:3      | Reached XP level 6. HP: 47/47 MP: 6/6
  2834 | D:3      | Found a shattered altar of Ashenzari.
  3788 | D:4      | Reached skill level 7 in Maces & Flails
  4078 | D:4      | Gained mutation: You are immune to rotting. [demonic
                  | ancestry]
  4078 | D:4      | Reached XP level 7. HP: 37/52 MP: 7/7
  4834 | D:5      | Entered Level 5 of the Dungeon
  4933 | D:5      | Reached skill level 8 in Maces & Flails
  5216 | D:5      | Reached *** piety under Trog
  5523 | D:5      | Found a bloodstained altar of Trog.
  5541 | D:5      | Gained mutation: You have very sharp fingernails. [demonic
                  | ancestry]
  5541 | D:5      | Reached XP level 8. HP: 58/58 MP: 8/8
  5547 | D:5      | Reached skill level 9 in Maces & Flails
  5828 | D:5      | Found a burning altar of Makhleb.
  5832 | D:5      | Found an ancient bone altar of Kikubaaqudgha.
  5832 | D:5      | Found a hazy altar of Hepliaklqana.
  5836 | D:5      | Found a sacrificial altar of Ru.
  5989 | D:5      | Found a shattered altar of Ashenzari.
  6252 | D:6      | Found a glowing drain.
  6269 | Sewer    | Entered a sewer
  7057 | D:6      | Reached skill level 10 in Maces & Flails
  7166 | D:6      | Found a stormy altar of Qazlal.
  7477 | D:7      | Found a shadowy altar of Dithmenos.
  7544 | D:7      | Found a staircase to the Ecumenical Temple.
  7769 | D:7      | Reached **** piety under Trog
  8297 | D:7      | Reached skill level 11 in Maces & Flails
  8297 | D:7      | Gained mutation: You have claws for hands. [demonic
                  | ancestry]
  8297 | D:7      | Reached XP level 9. HP: 55/63 MP: 9/9
  8566 | D:8      | Reached skill level 1 in Unarmed Combat
  8817 | D:8      | Slain by an orc priest

Skill      XL: |  1  2  3  4  5  6  7  8  9 |
---------------+----------------------------+-----
Maces & Flails | 3 4 5 6 7 8 11 | 11.0
Unarmed Combat | 3 |  3.6
Fighting       | |  3.1
Armour         | |  1.7
Dodging        | |  1.7

Action                   |  1- 3 |  4- 6 |  7- 9 || total
-------------------------+-------+-------+-------++-------
Melee: Mace              |    60 |   191 |   305 ||   556
       Unarmed           |       |       |    51 ||    51
       Punch             |       |       |     1 ||     1
Invok: Berserk           |     3 |     8 |     9 ||    20
       Trog's Hand       |       |     1 |     1 ||     2
  Use: Scroll            |     1 |     3 |     4 ||     8
 Stab: Sleeping          |       |       |     7 ||     7
       Distracted        |       |       |     1 ||     1
  Eat: Chunk             |     3 |    15 |    23 ||    41
       Ration            |       |     1 |       ||     1
Armor: Animal skin       |    20 |    64 |   105 ||   189
Dodge: Dodged            |    34 |   152 |   189 ||   375
